| TOP OF THE 1ST |
|
Omaha Storm Chasers batting - Pitching for Tucson Tarantulas : LHP Rick Krivda
|
|
Pitching: LHP Rick Krivda
|
|
|
Batting: RHB Eduardo Perez
|
0-0: Ball 1-0: Foul Ball, location: 2F 1-1: Bunt missed! 1-2: Strikes out looking
|
|
Batting: RHB Roberto Mejia
|
0-0: Called Strike 0-1: Called Strike 0-2: Ball 1-2: SOLO HOME RUN (Flyball, 9LD, EV 104.4 MPH), Distance : 344 ft
|
|
Batting: RHB Matt Mieske
|
0-0: Called Strike 0-1: Reached on error, E5 (Groundball, 56S, EV 82.5 MPH)
|
|
Batting: RHB Hensley Meulens
|
0-0: Ball 1-0: Ball 2-0: Ball 3-0: Base on Balls Matt Mieske to second
|
|
Batting: RHB Mike Figga
|
0-0: Ground out 5-3 (Groundball, 56S, EV 64.4 MPH) Matt Mieske to third Hensley Meulens to second
|
|
Batting: SHB Javier Valentin
|
0-0: Ball 1-0: SINGLE (Line Drive, 7S, EV 87.5 MPH) Matt Mieske scores Hensley Meulens to third Runner from 3rd tries for Home, SAFE, throw by LF to home
|
|
Batting: RHB Riccardo Ingram
|
0-0: Swinging Strike 0-1: Called Strike 0-2: Foul Ball, location: 2F 0-2: Ball 1-2: Foul Ball, location: 2F 1-2: Ball 2-2: Strikes out swinging
|
| Top of the 1st over - 3 runs, 2 hits, 1 error, 1 left on base; Omaha 3 - Tucson 0 |
| BOTTOM OF THE 1ST |
|
Tucson Tarantulas batting - Pitching for Omaha Storm Chasers : RHP Matt Turner
|
|
Pitching: RHP Matt Turner
|
|
|
Batting: RHB Barry Wesson
|
0-0: Ball 1-0: Called Strike 1-1: Ball 2-1: Ball 3-1: Reached on error, E6 (Groundball, 6, EV 91.9 MPH)
|
|
Batting: SHB Manuel Lee
|
0-0: Called Strike 0-1: Ball 1-1: Called Strike 1-2: Fly out, F6 (Popup, 6, EV 76.3 MPH)
|
|
Batting: SHB Bip Roberts
|
0-0: Ball 1-0: Fielders Choice at 2nd, 4-6 (Groundball, 4, EV 107.5 MPH)
|
|
Now at SS: Henry Blanco
|
|
|
Batting: RHB Andres Galarraga
|
0-0: Ball 1-0: Ball 2-0: Fly out, F4 (Popup, 4M, EV 68.8 MPH)
|
| Bottom of the 1st over - 0 runs, 0 hits, 1 error, 1 left on base; Omaha 3 - Tucson 0 |
| TOP OF THE 2ND |
|
Omaha Storm Chasers batting - Pitching for Tucson Tarantulas : LHP Rick Krivda
|
|
Batting: SHB Kerwin Moore
|
0-0: Foul Ball, location: 2F 0-1: Fly out, F8 (Flyball, 8LS, EV 86.3 MPH)
|
|
Batting: RHB Henry Blanco
|
0-0: Foul Ball, location: 2F 0-1: Fly out, F9 (Flyball, 9S, EV 76.9 MPH)
|
|
Batting: RHB Eduardo Perez
|
0-0: Called Strike 0-1: Called Strike 0-2: Strikes out swinging
|
| Top of the 2nd over - 0 runs, 0 hits, 0 errors, 0 left on base; Omaha 3 - Tucson 0 |
| BOTTOM OF THE 2ND |
|
Tucson Tarantulas batting - Pitching for Omaha Storm Chasers : RHP Matt Turner
|
|
Batting: SHB Mark Bellhorn
|
0-0: Swinging Strike 0-1: Called Strike 0-2: Strikes out swinging
|
|
Batting: RHB Jack Voigt
|
0-0: Called Strike 0-1: Ball 1-1: Ball 2-1: Ground out 6-3 (Groundball, 6MS, EV 83.1 MPH)
|
|
Batting: RHB Dave McCarty
|
0-0: Ground out 5-3 (Groundball, 56, EV 87.5 MPH)
|
| Bottom of the 2nd over - 0 runs, 0 hits, 0 errors, 0 left on base; Omaha 3 - Tucson 0 |
| TOP OF THE 3RD |
|
Omaha Storm Chasers batting - Pitching for Tucson Tarantulas : LHP Rick Krivda
|
|
Batting: RHB Roberto Mejia
|
0-0: Called Strike 0-1: Ball 1-1: Ball 2-1: Ball 3-1: Swinging Strike 3-2: Base on Balls
|
|
Batting: RHB Matt Mieske
|
0-0: Called Strike 0-1: Called Strike 0-2: Foul Ball, location: 2F 0-2: Strikes out looking
|
|
Batting: RHB Hensley Meulens
|
0-0: Called Strike 0-1: Ball 1-1: Fly out, F7 (Flyball, 7D, EV 89.4 MPH)
|
|
Batting: RHB Mike Figga
|
0-0: Foul Ball, location: 2F 0-1: Called Strike 0-2: Foul Ball, location: 2F 0-2: Ball 1-2: Ball Wild Pitch! Roberto Mejia to second 2-2: Strikes out swinging
|
| Top of the 3rd over - 0 runs, 0 hits, 0 errors, 1 left on base; Omaha 3 - Tucson 0 |
| BOTTOM OF THE 3RD |
|
Tucson Tarantulas batting - Pitching for Omaha Storm Chasers : RHP Matt Turner
|
|
Batting: SHB Matt Walbeck
|
0-0: Ball 1-0: Ball 2-0: Foul Ball, location: 2F 2-1: Ball 3-1: Swinging Strike 3-2: Strikes out swinging
|
|
Batting: RHB Ray Holbert
|
0-0: Ball 1-0: Fly out, F7 (Line Drive, 7D, EV 90.6 MPH)
|
|
Batting: RHB Barry Wesson
|
0-0: Fly out, F7 (Flyball, 7S, EV 91.9 MPH)
|
| Bottom of the 3rd over - 0 runs, 0 hits, 0 errors, 0 left on base; Omaha 3 - Tucson 0 |
| TOP OF THE 4TH |
|
Omaha Storm Chasers batting - Pitching for Tucson Tarantulas : LHP Rick Krivda
|
|
Batting: SHB Javier Valentin
|
0-0: Ball 1-0: Ball 2-0: Swinging Strike 2-1: Foul Ball, location: 2F 2-2: Ball 3-2: Strikes out swinging
|
|
Batting: RHB Riccardo Ingram
|
0-0: Ball 1-0: Called Strike 1-1: Foul Ball, location: 2F 1-2: Foul Ball, location: 2F 1-2: Foul Ball, location: 2F 1-2: Ball 2-2: Fly out, F8 (Flyball, 8LXD, EV 80.6 MPH)
|
|
Batting: SHB Kerwin Moore
|
0-0: Ball 1-0: Ball 2-0: Called Strike 2-1: Ball 3-1: Foul Ball, location: 2F 3-2: Base on Balls
|
|
Batting: RHB Henry Blanco
|
0-0: Ball 1-0: Ball 2-0: Called Strike 2-1: Fly out, F8 (Flyball, 8LS, EV 82.5 MPH)
|
| Top of the 4th over - 0 runs, 0 hits, 0 errors, 1 left on base; Omaha 3 - Tucson 0 |
| BOTTOM OF THE 4TH |
|
Tucson Tarantulas batting - Pitching for Omaha Storm Chasers : RHP Matt Turner
|
|
Batting: SHB Manuel Lee
|
0-0: Swinging Strike 0-1: Foul Ball, location: 2F 0-2: Fly out, F7 (Flyball, 78D, EV 103.1 MPH)
|
|
Batting: SHB Bip Roberts
|
0-0: Ball 1-0: Fly out, F7 (Flyball, 7S, EV 88.8 MPH)
|
|
Batting: RHB Andres Galarraga
|
0-0: Foul Ball, location: 2F 0-1: Ball 1-1: Ball 2-1: Fly out, F8 (Flyball, 8RS, EV 90.0 MPH)
|
| Bottom of the 4th over - 0 runs, 0 hits, 0 errors, 0 left on base; Omaha 3 - Tucson 0 |
| TOP OF THE 5TH |
|
Omaha Storm Chasers batting - Pitching for Tucson Tarantulas : LHP Rick Krivda
|
|
Batting: RHB Eduardo Perez
|
0-0: Ball 1-0: SINGLE (Flyball, 9LM, EV 89.4 MPH)
|
|
Batting: RHB Roberto Mejia
|
0-0: Ball 1-0: SINGLE (Line Drive, 8RS, EV 93.8 MPH) Eduardo Perez to second
|
|
Batting: RHB Matt Mieske
|
0-0: Ball 1-0: Ball 2-0: Swinging Strike 2-1: Foul Ball, location: 2F 2-2: Strikes out looking
|
|
Batting: RHB Hensley Meulens
|
0-0: SINGLE (Line Drive, 4M, EV 98.1 MPH) Eduardo Perez to third Roberto Mejia to second
|
|
Batting: RHB Mike Figga
|
0-0: Ball 1-0: Called Strike 1-1: Foul Ball, location: 2F 1-2: Foul Ball, location: 2F 1-2: Ball 2-2: Strikes out swinging
|
|
Batting: SHB Javier Valentin
|
0-0: Ball 1-0: Ball 2-0: Swinging Strike 2-1: Swinging Strike 2-2: Fly out, F8 (Line Drive, 8RD, EV 89.4 MPH)
|
| Top of the 5th over - 0 runs, 3 hits, 0 errors, 3 left on base; Omaha 3 - Tucson 0 |
| BOTTOM OF THE 5TH |
|
Tucson Tarantulas batting - Pitching for Omaha Storm Chasers : RHP Matt Turner
|
|
Batting: SHB Mark Bellhorn
|
0-0: Foul Ball, location: 2F 0-1: DOUBLE (Line Drive, 78D, EV 103.8 MPH)
|
|
Batting: RHB Jack Voigt
|
0-0: Ball 1-0: Ball 2-0: Called Strike 2-1: Ball 3-1: Foul Ball, location: 2F 3-2: 2-RUN HOME RUN (Flyball, 7D, EV 104.4 MPH), Distance : 367 ft
|
|
Batting: RHB Dave McCarty
|
0-0: Ball 1-0: Ball 2-0: Called Strike 2-1: Ball 3-1: Foul Ball, location: 2F 3-2: Base on Balls
|
|
Batting: SHB Matt Walbeck
|
0-0: Ball 1-0: Foul Ball, location: 2F 1-1: Ball 2-1: Called Strike 2-2: Foul Ball, location: 2F 2-2: 2-RUN HOME RUN (Flyball, 9LD, EV 103.1 MPH), Distance : 348 ft
|
|
Batting: RHB Ray Holbert
|
0-0: Foul Ball, location: 2F 0-1: SINGLE (Groundball, 6MD, EV 94.4 MPH)
|
|
Batting: RHB Barry Wesson
|
0-0: SINGLE (Groundball, 34, EV 83.8 MPH) (infield hit) Ray Holbert to second
|
|
Batting: SHB Manuel Lee
|
0-0: Ball 1-0: Ball 2-0: Called Strike 2-1: Ball 3-1: Sac Bunt to 2L - play at first, batter OUT! 2-4 Ray Holbert to third Barry Wesson to second
|
|
Batting: SHB Bip Roberts
|
0-0: SINGLE (Line Drive, 3D, EV 103.8 MPH) Ray Holbert scores Barry Wesson to third
|
|
Batting: RHB Andres Galarraga
|
0-0: Fly out, F7 (Flyball, 7LMF, EV 94.4 MPH) Runner from 3rd tags up, SCORES, no throw by LF
|
|
Pitching: RHP Roland DeLaMaza
|
|
|
Batting: SHB Mark Bellhorn
|
0-0: Foul Ball, location: 2F 0-1: Ball 1-1: Foul Ball, location: 2F 1-2: Reached on error, E5 (Groundball, 56, EV 84.4 MPH) Bip Roberts to second
|
|
Batting: RHB Jack Voigt
|
0-0: Called Strike 0-1: Foul Ball, location: 2F 0-2: Foul Ball, location: 2F 0-2: Ball 1-2: Ball 2-2: Ball 3-2: SINGLE (Line Drive, 8LS, EV 91.9 MPH) Bip Roberts to third Mark Bellhorn to second Bip Roberts scores Mark Bellhorn to third
|
|
Batting: RHB Dave McCarty
|
0-0: Called Strike 0-1: SINGLE (Groundball, 6MD, EV 104.4 MPH) Mark Bellhorn scores Jack Voigt to second
|
|
Batting: SHB Matt Walbeck
|
0-0: Foul Ball, location: 2F 0-1: Fly out, F5 (Popup, 5L, EV 70.6 MPH)
|
| Bottom of the 5th over - 8 runs, 8 hits, 1 error, 2 left on base; Omaha 3 - Tucson 8 |
| TOP OF THE 6TH |
|
Omaha Storm Chasers batting - Pitching for Tucson Tarantulas : LHP Rick Krivda
|
|
Batting: RHB Riccardo Ingram
|
0-0: SINGLE (Line Drive, 8LS, EV 108.1 MPH)
|
|
Batting: SHB Kerwin Moore
|
0-0: Fly out, F3 (Line Drive, 3, EV 65.0 MPH)
|
|
Batting: RHB Henry Blanco
|
0-0: Ball 1-0: Called Strike 1-1: Foul Ball, location: 2F 1-2: Foul Ball, location: 2F 1-2: Ground out 3-1 (Groundball, 3, EV 82.5 MPH) Riccardo Ingram to second
|
|
Batting: RHB Eduardo Perez
|
0-0: Ball 1-0: Called Strike 1-1: Called Strike 1-2: Ball 2-2: Strikes out swinging
|
| Top of the 6th over - 0 runs, 1 hit, 0 errors, 1 left on base; Omaha 3 - Tucson 8 |
| BOTTOM OF THE 6TH |
|
Tucson Tarantulas batting - Pitching for Omaha Storm Chasers : RHP Roland DeLaMaza
|
|
Batting: RHB Ray Holbert
|
0-0: Ball 1-0: Swinging Strike 1-1: Called Strike 1-2: Ball 2-2: DOUBLE (Line Drive, 7LD, EV 112.5 MPH)
|
|
Pitching: LHP Roberto Duran
|
|
|
Batting: RHB Barry Wesson
|
0-0: Foul Ball, location: 2F 0-1: Foul Ball, location: 2F 0-2: Foul Ball, location: 2F 0-2: Ball 1-2: Foul Ball, location: 2F 1-2: Ball 2-2: Ball 3-2: Foul Ball, location: 2F 3-2: Foul Ball, location: 2F 3-2: Strikes out looking
|
|
Batting: SHB Manuel Lee
|
0-0: Called Strike 0-1: Swinging Strike 0-2: Ball 1-2: Ball 2-2: Ball 3-2: Base on Balls
|
|
Pitching: LHP Pat Gomez
|
|
|
Batting: SHB Bip Roberts
|
0-0: Ball 1-0: Foul Ball, location: 2F 1-1: Called Strike 1-2: Foul Ball, location: 2F 1-2: Foul Ball, location: 2F 1-2: Ball 2-2: SINGLE (Groundball, 4MD, EV 109.4 MPH) Ray Holbert to third Manuel Lee to second Runner from 3rd tries for Home, SAFE, throw by CF to home
|
|
Batting: RHB Andres Galarraga
|
0-0: Ball 1-0: Called Strike 1-1: Foul Ball, location: 2F 1-2: Strikes out swinging
|
|
Batting: SHB Mark Bellhorn
|
0-0: Called Strike 0-1: Ball 1-1: Foul Ball, location: 2F 1-2: Ball 2-2: Fly out, F8 (Line Drive, 8RM, EV 103.8 MPH)
|
| Bottom of the 6th over - 1 run, 2 hits, 0 errors, 2 left on base; Omaha 3 - Tucson 9 |
| TOP OF THE 7TH |
|
Omaha Storm Chasers batting - Pitching for Tucson Tarantulas : LHP Rick Krivda
|
|
Pitching: RHP James Baldwin
|
|
|
Batting: RHB Roberto Mejia
|
0-0: Foul Ball, location: 2F 0-1: Swinging Strike 0-2: Ball 1-2: Foul Ball, location: 2F 1-2: Ball 2-2: Ball 3-2: Strikes out looking
|
|
Batting: RHB Matt Mieske
|
0-0: Ball 1-0: Ball 2-0: SINGLE (Flyball, 4D, EV 91.3 MPH) - OUT at second base trying to stretch hit.
|
|
Batting: RHB Hensley Meulens
|
0-0: Ball 1-0: Ball 2-0: Called Strike 2-1: Swinging Strike 2-2: Strikes out looking
|
| Top of the 7th over - 0 runs, 1 hit, 0 errors, 0 left on base; Omaha 3 - Tucson 9 |
| BOTTOM OF THE 7TH |
|
Tucson Tarantulas batting - Pitching for Omaha Storm Chasers : LHP Pat Gomez
|
|
Batting: RHB Jack Voigt
|
0-0: Ball 1-0: Ball 2-0: Ball 3-0: Called Strike 3-1: Base on Balls
|
|
Batting: RHB Dave McCarty
|
0-0: Foul Ball, location: 2F 0-1: SINGLE (Groundball, 56D, EV 94.4 MPH) Jack Voigt to second
|
|
Batting: SHB Matt Walbeck
|
0-0: Ball 1-0: DOUBLE (Line Drive, 7LS, EV 96.3 MPH) Jack Voigt scores Dave McCarty to third
|
|
Batting: RHB Ray Holbert
|
0-0: Ball 1-0: SINGLE (Groundball, 34D, EV 96.3 MPH) Dave McCarty scores Matt Walbeck to third
|
|
Batting: RHB Barry Wesson
|
0-0: Swinging Strike 0-1: Fielders Choice at 2nd, 3-6 (Groundball, 3, EV 103.8 MPH) Matt Walbeck scores
|
|
Pinch Hitting: RHB Ralph Milliard
|
0-0: Ball 1-0: Ball 2-0: Called Strike 2-1: SINGLE (Groundball, 6MD, EV 98.8 MPH) Barry Wesson to second
|
|
Batting: SHB Bip Roberts
|
0-0: Swinging Strike 0-1: Ball 1-1: Swinging Strike 1-2: SINGLE (Line Drive, 8LS, EV 92.5 MPH) Barry Wesson to third Ralph Milliard to second Runner from 3rd tries for Home, SAFE, throw by CF to home
|
|
Pitching: RHP Mike Bovee
|
|
|
Pinch Hitting: RHB Todd Dunn
|
0-0: Fly out, F8 (Line Drive, 8RD, EV 107.5 MPH)
|
|
Pinch Hitting: SHB Hanley Frias
|
0-0: Foul Ball, location: 2F 0-1: Ball 1-1: Ball 2-1: Reached on error, E4 (Groundball, 34D, EV 93.1 MPH) Ralph Milliard scores Bip Roberts to third
|
|
Pinch Hitting: LHB Ray McDavid
|
0-0: Ball 1-0: Ground out 4-3 (Groundball, 4, EV 100.0 MPH)
|
| Bottom of the 7th over - 5 runs, 5 hits, 1 error, 2 left on base; Omaha 3 - Tucson 14 |
| TOP OF THE 8TH |
|
Omaha Storm Chasers batting - Pitching for Tucson Tarantulas : RHP James Baldwin
|
|
Now at 2B: Ralph Milliard
|
|
|
Now at SS: Hanley Frias
|
|
|
Now in LF: Ray McDavid
|
|
|
Now in RF: Todd Dunn
|
|
|
Batting: RHB Mike Figga
|
0-0: Fly out, F6 (Popup, P, EV 70.0 MPH)
|
|
Batting: SHB Javier Valentin
|
0-0: Fly out, F9 (Flyball, 9LS, EV 83.8 MPH)
|
|
Batting: RHB Riccardo Ingram
|
0-0: Called Strike 0-1: SOLO HOME RUN (Flyball, 78XD, EV 91.9 MPH), Distance : 397 ft
|
|
Batting: SHB Kerwin Moore
|
0-0: Ball 1-0: Swinging Strike 1-1: SINGLE (Groundball, 2L, EV 68.8 MPH) (infield hit)
|
|
Batting: RHB Henry Blanco
|
0-0: Called Strike 0-1: Fly out, F2 (Popup, 2LF, EV 91.9 MPH)
|
| Top of the 8th over - 1 run, 2 hits, 0 errors, 1 left on base; Omaha 4 - Tucson 14 |
| BOTTOM OF THE 8TH |
|
Tucson Tarantulas batting - Pitching for Omaha Storm Chasers : RHP Mike Bovee
|
|
Batting: RHB Dave McCarty
|
0-0: Ball 1-0: Foul Ball, location: 2F 1-1: Swinging Strike 1-2: Foul Ball, location: 2F 1-2: Foul Ball, location: 2F 1-2: Ball 2-2: Foul Ball, location: 2F 2-2: Ball 3-2: Foul Ball, location: 2F 3-2: Strikes out swinging
|
|
Pitching: LHP Allen McDill
|
|
|
Batting: SHB Matt Walbeck
|
0-0: Ball 1-0: Foul Ball, location: 2F 1-1: Reached on error, E6 (Groundball, 6, EV 79.4 MPH)
|
|
Batting: RHB Ray Holbert
|
0-0: Ball 1-0: Fly out, F8 (Line Drive, 8RD, EV 83.8 MPH)
|
|
Batting: RHB Barry Wesson
|
0-0: Foul Ball, location: 2F 0-1: SINGLE (Groundball, 6, EV 102.5 MPH) (infield hit) Matt Walbeck to second
|
|
Batting: RHB Ralph Milliard
|
0-0: Called Strike 0-1: Called Strike 0-2: Foul Ball, location: 2F 0-2: SINGLE (Groundball, 4MS, EV 91.9 MPH) (infield hit) Matt Walbeck to third Barry Wesson to second
|
|
Batting: SHB Bip Roberts
|
0-0: Ball 1-0: SINGLE (Groundball, 6MD, EV 107.5 MPH) Matt Walbeck scores Barry Wesson to third Ralph Milliard to second Runner from 3rd tries for Home, SAFE, no throw by CF
|
|
Batting: RHB Todd Dunn
|
0-0: Called Strike 0-1: Called Strike 0-2: Fly out, F7 (Flyball, 7, EV 96.9 MPH)
|
| Bottom of the 8th over - 2 runs, 3 hits, 1 error, 2 left on base; Omaha 4 - Tucson 16 |
| TOP OF THE 9TH |
|
Omaha Storm Chasers batting - Pitching for Tucson Tarantulas : RHP James Baldwin
|
|
Batting: RHB Eduardo Perez
|
0-0: Ball 1-0: Foul Ball, location: 2F 1-1: Called Strike 1-2: SINGLE (Line Drive, 8LS, EV 96.3 MPH)
|
|
Batting: RHB Roberto Mejia
|
0-0: Ball 1-0: Foul Ball, location: 2F 1-1: Ball 2-1: Swinging Strike 2-2: Strikes out swinging
|
|
Pinch Hitting: RHB Andy Stewart
|
0-0: Called Strike 0-1: Ball 1-1: Called Strike 1-2: Foul Ball, location: 2F 1-2: Ball 2-2: Strikes out swinging
|
|
Batting: RHB Hensley Meulens
|
0-0: Ball 1-0: Ball 2-0: Ball 3-0: Called Strike 3-1: Called Strike 3-2: Foul Ball, location: 2F 3-2: Foul Ball, location: 2F 3-2: Strikes out swinging
|
| Top of the 9th over - 0 runs, 1 hit, 0 errors, 1 left on base; Omaha 4 - Tucson 16 |
|